 Dungeon Crawl Stone Soup version 0.22-a0-538-g76cc104 (webtiles) character file.

29 kae the Insei (level 3, -13/26 HPs)
             Began as a Demonspawn Transmuter on June 23, 2018.
             Mangled by a gnoll
             ... wielding a +0 halberd
              (20 damage)
             ... on level 2 of the Dungeon.
             The game lasted 00:01:35 (1673 turns).

kae the Insei (Demonspawn Transmuter)               Turns: 1673, Time: 00:01:36

Health: -13/26     AC:  2    Str: 10    XL:     3   Next: 1%
Magic:  3/6        EV: 19    Int: 14    God:
Gold:   48         SH:  0    Dex: 19    Spells: 0/6 levels left

rFire    . . .     SeeInvis .     - Unarmed
rCold    . . .     Gourm    .   (shield currently unavailable)
rNeg     . . .     Faith    .   (armour currently unavailable)
rPois    x         Spirit   .   (helmet currently unavailable)
rElec    .         Reflect  .   (cloak currently unavailable)
rCorr    .         Harm     .   (gloves currently unavailable)
MR       .....                  (boots currently unavailable)
Stlth    ++........             (no amulet)
HPRegen  0.08/turn              (no ring)
MPRegen  0.10/turn              (no ring)

@: spider-form
A: tiny
a: End Transformation


You were on level 2 of the Dungeon.
You were not hungry.
You were a venomous arachnid creature.
You visited 1 branch of the dungeon, and saw 2 of its levels.

You collected 48 gold pieces.

Inventory:

Missiles
 a - 9 arrows
Armour
 b - a +0 robe (melded)
Scrolls
 e - 3 scrolls of blinking
 f - a scroll of remove curse {unknown}
Potions
 g - a potion of degeneration
Comestibles
 d - 4 rations


   Skills:
 - Level 1.0 Fighting
 - Level 1.7 Dodging
 * Level 3.5 Unarmed Combat
 - Level 2.0 Spellcasting
 + Level 2.3 Transmutations


You couldn't memorise any spells.
You knew the following spells:

 Your Spells              Type           Power        Failure   Level  Hunger
a - Beastly Appendage     Tmut           #.....       24%         1    ##.....
b - Sticks to Snakes      Tmut           #.......     32%         2    ###....
c - Spider Form           Tmut/Pois      #.........   63%         3    ####...

Your spell library contained the following spells:

 Spells                   Type           Power        Failure   Level  Hunger
 Blade Hands              Tmut           #.........   99%         5    ######.
 Ice Form                 Ice/Tmut       #.......     94%         4    #####..


Dungeon Overview and Level Annotations

Branches:
Dungeon (2/15)

Altars:


Innate Abilities, Weirdness & Mutations

((You have a pair of antennae on your head.))


Message History

A gnoll is nearby!
The gnoll shouts!
You hear an angry hiss.
You see here 10 gold pieces.
The gnoll hits you from afar with a halberd.
Casting: Beastly Appendage (safe; 10% risk of failure)
Confirm with . or Enter, or press ? or * to list all spells.
You turn into a venomous arachnid creature.
Your +0 robe melds into your body.
A ball python comes into view.
The gnoll closely misses you. The gnoll closely misses you.
You hit the gnoll.
The gnoll is poisoned.
The gnoll is moderately wounded.
The gnoll hits you with a halberd!
* * * LOW HITPOINT WARNING * * *
You hit the gnoll but do no damage.
The gnoll is moderately wounded.
The gnoll hits you with a halberd!!
Ouch! That really hurt!
You die...

.##### #.......
.....# ..
#....### .###.#
. ..# ##+### .#
#.# #.. #.# ##
#.# ...# #..
####.#
#..##.####
.....# ..S....%#
###### ...#g##$#
#.#.s..#
#.#.####.#
#.........#
#...####..#
##..#.. .#
#..#.###.#
#..####..#.#....
#........#.#.#.#
##.#####.#...#.#


You could see a gnoll and a ball python.

Vanquished Creatures
  An adder (D:2)
  A dart slug (D:1)
  2 ball pythons (D:1)
  A giant cockroach (D:1)
  2 goblins (D:1)
  3 hobgoblins (D:1)
  A frilled lizard (D:2)
  3 kobolds (D:1)
  4 rats
18 creatures vanquished.

Notes
Turn   | Place    | Note
-------+----------+-------------------------------------------
     0 | D:1      | kae the Demonspawn Transmuter began the quest for the Orb.
     0 | D:1      | Reached XP level 1. HP: 15/15 MP: 3/3
   446 | D:1      | Reached skill level 3 in Unarmed Combat
   450 | D:1      | Gained mutation: You have a pair of small antennae on your head. [demonic ancestry]
   450 | D:1      | Reached XP level 2. HP: 18/21 MP: 5/5
   722 | D:1      | Learned a level 2 spell: Sticks to Snakes
  1596 | D:2      | Gained mutation: You have a pair of antennae on your head. [demonic ancestry]
  1596 | D:2      | Reached XP level 3. HP: 25/26 MP: 6/6
  1601 | D:2      | Learned a level 3 spell: Spider Form
  1673 | D:2      | Mangled by a gnoll

Vault maps used:
D:1:      lightli_molten_gateway, minmay_tree_intersection, serial_park_tiny_2

Skill      XL: |  1 |
---------------+----+-----
Unarmed Combat | 3 |  3.5
Transmutations | 2 |  2.3
Fighting       | |  1.0
Dodging        | |  1.7
Spellcasting   | |  2.0

Action                   || total
-------------------------++-------
Melee: Unarmed           ||    71
       Kick              ||     2
 Cast: Beastly Appendage ||     8
       Sticks to Snakes  ||     3
       Spider Form       ||     1
  Use: Scroll            ||     5
       Potion            ||     2
  Eat: Ration            ||     1
Armor: Robe              ||     8
Dodge: Dodged            ||    38

Table legend:
 A = Spawn XP
 B = Non-spawn XP
 C = Spawn XP percentage of total XP
 D = Spawn monster count
 E = Non-spawn monster count
 F = Spawn count percentage of total count
 G = Total turns spent on level
                    A         B        C        D         E        F      G
               +---------+---------+-------+---------+---------+-------+---------
         Total |       0 |      42 |   0.0 |       0 |      18 |   0.0 |  1673
               +---------+---------+-------+---------+---------+-------+---------
           D:1 |       0 |      27 |   0.0 |       0 |      15 |   0.0 |  1340
           D:2 |       0 |      15 |   0.0 |       0 |       3 |   0.0 |   333
               +---------+---------+-------+---------+---------+-------+---------
